 Dungeon Crawl Stone Soup version 0.29-a0-323-g050149af67 (webtiles) character file.

Game seed: 6318603138256882665

1165 dianekeaton the Basher (level 8, 0/64 HPs)
             Began as a Minotaur Fighter on Apr 10, 2022.
             Was a Follower of Okawaru.
             Hit by a large rock thrown by a cyclops (3 damage)
             ... on level 6 of the Dungeon.
             The game lasted 00:19:44 (7514 turns).

dianekeaton the Basher (Minotaur Fighter)           Turns: 7514, Time: 00:19:47

Health: 0/64       AC:  8    Str: 23    XL:     8   Next: 17%
Magic:  7/7        EV:  9    Int:  5    God:    Okawaru [*.....]
Gold:   146        SH:  0    Dex: 10    Spells: 7/7 levels left

rFire   x . .      SeeInvis .   a - +0 flail (flame)
rCold   + . .      Faith    .   c - +0 buckler
rNeg    . . .      Spirit   .   b - +0 scale mail
rPois   .          Reflect  .   (helmet restricted)
rElec   .          Harm     .   (no cloak)
rCorr   .          Rampage  .   g - +0 pair of gloves
Will    .....                   (no boots)
Stlth   ..........              (no amulet)
HPRegen 0.20/turn               l - ring of ice
MPRegen 0.10/turn               (no ring)

@: confused, ambrosia-drunk, studying 2 skills
A: horns 2, retaliatory headbutt
a: Renounce Religion, Heroism


You were on level 6 of the Dungeon.
You worshipped Okawaru.
Okawaru was aware of your devotion.
You visited 2 branches of the dungeon, and saw 7 of its levels.
You also visited: Sewer.

You collected 258 gold pieces.
You spent 112 gold pieces at shops.

Inventory:

Hand Weapons
 a - a +0 flail of flaming (weapon)
 d - the +8 spear of Uhyoq {vorpal, rPois rC+ Str-4}
   (You found it on level 5 of the Dungeon)

   It inflicts extra damage upon your enemies.
   Str:       It affects your strength (-4).
   rC:        It protects you from cold.
   rPois:     It protects you from poison.
Missiles
 k - 4 boomerangs (quivered)
Armour
 b - a +0 scale mail (worn)
 c - a +0 buckler (worn)
 g - a +0 pair of gloves (worn)
Jewellery
 l - a ring of ice (left hand)
Wands
 n - a wand of acid (17)
 r - a wand of flame (14)
Scrolls
 f - 3 scrolls of identify
 o - 2 scrolls of noise
 q - a scroll of brand weapon
Potions
 e - 3 potions of degeneration
 h - 6 potions of mutation
 j - 3 potions of brilliance
 p - 2 potions of berserk rage
 t - 3 potions of flight


   Skills:
 - Level 3.6 Fighting
 + Level 11.0 Maces & Flails
 - Level 3.3 Throwing
 - Level 3.6 Armour
 - Level 3.6 Shields


You had 7 spell levels left.
You didn't know any spells.
Your spell library contained the following spells:

 Spells                   Type           Power      Damage    Failure   Level
 Conjure Flame            Conj/Fire      0%         6-21      99%         3
 Ignite Poison            Fire/Tmut/Pois 0%         N/A       99%         3
 Hailstorm                Conj/Ice       0%         3d3       100%        4
 Ice Form                 Ice/Tmut       0%         N/A       100%        4
 Sticky Flame             Conj/Fire      0%         2d3       100%        4
 Simulacrum               Ice/Necr       Unusable   N/A       N/A         6

Dungeon Overview and Level Annotations

Branches:
Dungeon (6/15)             Temple (1/1) D:4           Sewer (visited)

Altars:
Ashenzari
Cheibriados
Elyvilon
Fedhas
Gozag
Kikubaaqudgha
Okawaru
Sif Muna
Xom
Zin

Shops:
D:1 !

Annotations:
D:3 1 transporter, Sigmund


Innate Abilities, Weirdness & Mutations

You have a pair of horns on your head.
You reflexively headbutt those who attack you in melee.


Message History

You feel sick.
The sky beast flickers out of sight!
Deactivating autopickup; reactivate with Ctrl-A.
Throw: 4 boomerangs
Press: ? - help, Q - select action, (/) - cycle Shift-Dir - straight line, f - you Really target yourself?
Okay, then.
You feel sick.
You feel sick.
A sky beast appears from thin air!
Reactivating autopickup.
The sky beast hits you. The sky beast shocks you.
* * * LOW HITPOINT WARNING * * *
You are too injured to fight recklessly!
You feel sick.
You are no longer poisoned.
The sky beast flickers out of sight!
Deactivating autopickup; reactivate with Ctrl-A.
Something completely misses you.
You closely miss something. Something hits you but does no damage.
You barely miss something. Something hits you.
* * * LOW HITPOINT WARNING * * *
Something shocks you.
* * * LOW HITPOINT WARNING * * *
You miss something.
An iguana comes into view.
Something hits you.
* * * LOW HITPOINT WARNING * * *
Something shocks you.
* * * LOW HITPOINT WARNING * * *
Okay, then.
You are confused.
You feel invigorated.
The iguana hisses angrily.
Something hits you but does no damage.
A cyclops comes into view.
Something hits you.
* * * LOW HITPOINT WARNING * * *
Something shocks you.
* * * LOW HITPOINT WARNING * * *
The cyclops throws a large rock.
The large rock hits you.
You die...

.......# .......##
........# .......#
#### #.....#
#....#.....#######
C.................
#.@{.........
#.....#######
#.###..)..... ##
#.####### #.. ####
# # #


You could see a cyclops.

Vanquished Creatures
  An ice beast (D:5)
  2 ogres
  A necrophage (D:5)
  A gnoll sergeant (D:4)
  A howler monkey (D:4)
  2 hounds
  4 jellies
  2 orc priests (D:6)
  A gnoll shaman (D:5)
  An iguana (D:4)
  An orc wizard (D:6)
  Natasha (thrice) (D:3)
  7 gnolls (D:5)
  9 adders
  8 river rats
  A shadow imp (D:6)
  A white imp (D:4)
  2 worms (Sewer)
  2 dart slugs
  9 orcs
  8 endoplasms
  6 giant cockroaches
  7 goblins
  5 hobgoblins
  5 jackals
  5 kobolds
  6 quokkas
  16 ball pythons
  16 bats
  6 frilled lizards
  6 rats
145 creatures vanquished.

Vanquished Creatures (others)
  5 plants
5 creatures vanquished.

Grand Total: 150 creatures vanquished

Notes
Turn   | Place    | Note
-------+----------+-------------------------------------------
     0 | D:1      | dianekeaton the Minotaur Fighter began the quest for the
                  | Orb.
     0 | D:1      | Reached XP level 1. HP: 19/19 MP: 0/0
   146 | D:1      | Reached skill level 3 in Maces & Flails
   187 | D:1      | Reached XP level 2. HP: 11/26 MP: 1/1
   381 | D:1      | Found Qaeshrecim's Distillery.
   675 | D:1      | Reached skill level 4 in Maces & Flails
   835 | D:1      | Found a faded altar of an unknown god.
   849 | D:1      | Reached XP level 3. HP: 25/31 MP: 2/2
  1576 | D:2      | Found a glowing silver altar of Zin.
  1865 | D:2      | Reached skill level 5 in Maces & Flails
  2093 | D:3      | Noticed Sigmund
  2372 | D:1      | Bought a potion of mutation for 112 gold pieces
  2456 | D:3      | Noticed Natasha
  2460 | D:3      | Reached XP level 4. HP: 30/39 MP: 3/3
  2461 | D:3      | Killed Natasha
  2497 | D:3      | Found a transporter.
  2499 | D:3      | Noticed a phantom
  2534 | D:3      | Noticed Natasha
  2546 | D:3      | Killed Natasha
  2547 | D:3      | Reached skill level 6 in Maces & Flails
  2557 | D:4      | Reached XP level 5. HP: 33/45 MP: 4/4
  2965 | D:3      | Noticed Natasha
  2976 | D:3      | Killed Natasha
  3310 | D:4      | Reached skill level 7 in Maces & Flails
  3523 | D:4      | Noticed an ogre
  3530 | D:4      | Killed an ogre
  3531 | D:4      | Reached skill level 1 in Throwing
  3531 | D:4      | Reached XP level 6. HP: 51/51 MP: 5/5
  3696 | D:4      | Reached skill level 8 in Maces & Flails
  3724 | D:4      | Found a white marble altar of Elyvilon.
  3806 | D:4      | Found a blossoming altar of Fedhas.
  3809 | D:4      | Found an ancient bone altar of Kikubaaqudgha.
  3962 | D:4      | Found a staircase to the Ecumenical Temple.
  3970 | Temple   | Entered the Ecumenical Temple
  4001 | Temple   | Became a worshipper of Warmaster Okawaru
  4057 | D:4      | Found a shimmering blue altar of Sif Muna.
  4386 | D:5      | Entered Level 5 of the Dungeon
  4586 | D:5      | Identified the +8 spear of Uhyoq {vorpal, rPois rC+ Str-4}
  4695 | D:5      | Reached XP level 7. HP: 22/57 MP: 6/6
  4703 | D:5      | Found a glowing drain.
  4719 | Sewer    | Entered a sewer
  5115 | Sewer    | Reached skill level 9 in Maces & Flails
  6478 | D:5      | Reached * piety under Okawaru
  6479 | D:5      | Reached skill level 10 in Maces & Flails
  6963 | D:5      | Identified a scroll of acquirement
  6963 | D:5      | Acquired a manual of Throwing
  7051 | D:6      | Reached XP level 8. HP: 34/64 MP: 7/7
  7482 | D:6      | Reached skill level 11 in Maces & Flails
  7512 | D:6      | HP: 3/64 [something (5)]
  7514 | D:6      | Noticed a cyclops
  7514 | D:6      | Hit by a large rock thrown by a cyclops

Illustrated notes

Levels and vault maps discovered:
D:1:      amcnicky_arrival_double_pillar, layout_basic,
          hellmonk_ecumenical_altar_pennies_from_heaven, serial_shops,
          nicolae_shop_hallway_plus
D:2:      layout_loops_ring, basic_altar, grunt_ministairs_4,
          minmay_misc_feat_hallway, minmay_misc_feat_x
D:3:      layout_rooms, gammafunk_temple_overflow_wave,
          gammafunk_ghost_mausoleum, uniq_sigmund, uniq_natasha
D:4:      layout_rooms, grunt_temple_overflow_growth_and_decay, led_sif_pool,
          elyvilon_altar_3, minmay_temple_entry_nine_rooms, minivault_5,
          minmay_manual_mail
D:5:      nicolae_cairo_tiling, layout_cave_pools, portal_sewer_entry_e
D:6:      wad_woods_tower, layout_basic
Temple:   jpeg_temple_alley_garden

Skill      XL: |  1  2  3  4  5  6  7  8 |
---------------+-------------------------+-----
Maces & Flails | 3 4 5 6 7 8 10 11 | 11.0
Throwing       | 1 2 3 |  3.3
Fighting       | |  3.6
Armour         | |  3.6
Shields        | |  3.6

Action                   |  1- 3 |  4- 6 |  7- 9 || total
-------------------------+-------+-------+-------++-------
Melee: Flail             |   102 |    76 |   152 ||   330
       Headbutt          |    14 |    15 |    17 ||    46
Throw: Boomerang         |       |    20 |    20 ||    40
Evoke: Wand              |       |       |     2 ||     2
  Use: Scroll            |     6 |     6 |     2 ||    14
       Potion            |       |     3 |     5 ||     8
Armor: Scale mail        |    73 |    37 |   127 ||   237
Dodge: Dodged            |    51 |    66 |   132 ||   249
Block: Buckler           |    20 |    18 |    60 ||    98

Table legend: (Time is in decaauts)
 A = Elapsed time spent in this place.
 B = Non-inter-level travel time spent in this place.
 C = Inter-level travel time spent in this place.
 D = Time resting spent in this place.
 E = Time spent auto-exploring this place.
 F = Levels seen in this place.
 G = Mean time per level.
                   A        B        C        D        E       F      G
               +--------+--------+--------+--------+--------+-----+--------+
         Total |   7723 |   7423 |    300 |   2558 |   2827 |   8 |  965.4 |
       Dungeon |   6099 |   5799 |    300 |   1809 |   2756 |   6 | 1016.5 |
        Temple |     59 |     59 |      0 |      0 |      0 |   1 |   59.0 |
         Sewer |   1564 |   1564 |      0 |    749 |     71 |   1 | 1564.0 |
               +--------+--------+--------+--------+--------+-----+--------+

Top non-repeatable levels by time:
   Sewer: 1564 daAuts
     D:1: 1518 daAuts
     D:4: 1473 daAuts
     D:5: 989 daAuts
     D:2: 825 daAuts
     D:3: 752 daAuts
     D:6: 540 daAuts
  Temple: 59 daAuts
